Map: Lerilak Crest

Players

AcerBly (Bly)

  • Race: Zerg Zerg
  • League: Grandmaster

MinChul (MC) - Winner!

  • Race: Protoss Protoss

Event: Homestory Cup XII

VOD

Have the link to the VOD?

Description

Time

  • Played on: Dec. 18, 2015, 9:05 a.m.
  • Length: 11:54

All games in this series

Show
View Real Time Build Order
Export as new Build Order

AcerBly Zerg 

Build Orders: Hatch First 

Get SALT Encoding   

  12  0:00  Drone  
  13  0:12  Overlord  
  13  0:17  Drone  
  14  0:30  Drone x2  
  14  0:34  Drone  
  17  0:57  Drone  
  18  1:09  Hatchery  
  17  1:12  Spawning Pool  
  17  1:15  Drone x2  
  18  1:28  Drone  
  19  1:41  Hatchery  
  18  1:50  Drone  
  19  1:59  Zergling x4  
  21  2:03  Extractor, Zergling x2  
  21  2:13  Overlord  
  21  2:20  Queen  
  23  2:26  Drone x2  
  25  2:30  Queen  
  27  2:37  Drone x2  
  29  2:47  Drone x2  
  30  3:00  Queen  
  30  3:02  Zergling x4  
  30  3:03  Drone x2  
  30  3:04  Drone  
  37  3:08  Drone  
  36  3:23  Drone x2  
  36  3:24  Drone  
  36  3:25  Metabolic Boost  
  39  3:29  Queen  
  39  3:30  Overlord  
  40  3:42  Zergling x4  
  40  3:43  Overlord  
  41  3:50  Zergling x8  
  44  4:01  Drone x2  
  44  4:02  Drone x3  
  40  4:14  Drone  
  40  4:15  Drone x2  
  40  4:16  Drone  
  41  4:20  Drone x2  
  42  4:24  Drone  
  42  4:30  Drone x3  
  46  4:43  Drone  
  46  4:44  Drone x5  
  52  4:49  Extractor  
  52  4:51  Roach Warren  
  48  5:22  Zergling x18  
  56  5:35  Roach x2  
  57  5:36  Overlord  
  57  5:37  Overlord x2  
  57  5:49  Overlord  
  57  5:50  Overlord  
  57  5:52  Spore Crawler  
  57  5:53  Extractor  
  54  5:58  Roach  
  54  5:59  Roach x5  
  66  6:05  Drone x4  
  66  6:06  Drone  
  66  6:07  Lair  
  66  6:10  Ravager  
  66  6:11  Ravager  
  73  6:15  Drone  
  73  6:16  Drone  
  73  6:27  Roach x3  
  62  6:47  Roach x7  
  62  6:49  Drone  
  62  6:50  Drone x2  
  74  6:57  Drone  
  73  7:04  Drone  
  73  7:12  Drone x2  
  73  7:13  Drone  
  76  7:18  Drone  
  77  7:24  Ravager, Glial Reconstitution  
  77  7:27  Drone  
  79  7:33  Drone x3  
  82  7:37  Drone  
  82  7:39  Drone  
  84  7:47  Drone x4  
  84  7:48  Drone  
  89  7:52  Drone  
  89  7:53  Drone x2  
  92  8:03  Drone x3  
  95  8:07  Overlord  
  95  8:10  Spire  
  94  8:12  Extractor  
  93  8:21  Roach x2  
  93  8:22  Overlord  
  93  8:23  Overlord x2  
  85  8:43  Drone x5  
  85  8:44  Drone x2  
  86  8:50  Drone  
  86  8:51  Drone x7  
  86  8:52  Drone  
  93  9:00  Drone x3  
  90  9:15  Drone x4  
  90  9:16  Drone x2  
  92  9:23  Mutalisk x3  
  91  9:28  Drone x2  
  91  9:29  Drone  
  92  9:35  Mutalisk x2  
  96  9:39  Ravager  
  96  9:45  Ravager  
  98  9:46  Ravager  
  98  9:47  Ravager  
  98  9:52  Zergling x10  
  105  9:59  Overseer  
  105  10:00  Zergling x6  
  106  10:12  Zergling x10  
  111  10:20  Roach  
  111  10:21  Roach x4  
  112  10:39  Roach x8  
  101  10:47  Roach x3  
  83  10:55  Roach x3  
  80  11:01  Roach x2  
  62  11:14  Roach x2  
  58  11:21  Ravager  
  58  11:22  Ravager, Zergling x4  
  58  11:23  Zergling x2  
Show
View Real Time Build Order
Export as new Build Order

MinChul Protoss - Winner!

Build Orders: 1 Gate Expand 

Get SALT Encoding   

  12  0:01  Probe (Chrono Boost)  
  13  0:11  Probe (Chrono Boost)  
  14  0:17  Pylon  
  14  0:22  Probe (Chrono Boost)  
  15  0:36  Probe (Chrono Boost)  
  15  0:39  Gateway  
  16  0:46  Probe (Chrono Boost)  
  16  0:49  Assimilator  
  18  0:57  Probe (Chrono Boost)  
  18  1:07  Probe (Chrono Boost)  
  19  1:24  Nexus  
  19  1:38  Cybernetics Core, Probe (Chrono Boost)  
  20  1:44  Assimilator  
  20  1:49  Probe (Chrono Boost)  
  21  1:55  Pylon  
  21  1:59  Probe (Chrono Boost)  
  22  2:10  Probe (Chrono Boost)  
  22  2:14  Adept (Chrono Boost), Warp Gate  
  25  2:21  Mothership Core  
  27  2:35  Pylon  
  27  2:36  Probe  
  27  2:38  Adept (Chrono Boost)  
  27  2:42  Probe  
  31  2:47  Pylon  
  31  2:50  Pylon  
  31  2:59  Probe  
  31  3:02  Adept (Chrono Boost)  
  34  3:06  Probe  
  34  3:11  Probe  
  36  3:16  Probe  
  37  3:22  Twilight Council  
  37  3:25  Adept (Chrono Boost)  
  39  3:27  Probe  
  39  3:28  Probe  
  41  3:37  Probe  
  41  3:40  Probe  
  43  3:46  Robotics Facility  
  43  3:49  Probe, Gateway  
  43  3:51  Resonating Glaives (Chrono Boost)  
  44  3:56  Probe  
  44  3:59  Probe  
  46  4:09  Probe  
  47  4:10  Probe  
  46  4:19  Adept  
  46  4:20  Probe  
  46  4:21  Probe  
  46  4:26  Pylon  
  44  4:32  Probe, Warp Prism (Chrono Boost)  
  44  4:33  Probe  
  48  4:40  Pylon  
  48  4:42  Adept  
  48  4:44  Probe  
  48  4:45  Probe  
  52  4:46  Adept  
  52  4:51  Pylon  
  54  4:58  Gateway  
  54  5:01  Gateway  
  54  5:07  Sentry x2  
  54  5:08  Observer (Chrono Boost)  
  54  5:11  Pylon  
  59  5:14  Gateway  
  59  5:22  Probe x2  
  61  5:34  Probe, Pylon  
  61  5:35  Probe, Adept  
  65  5:36  Adept  
  65  5:46  Probe  
  65  5:47  Probe  
  67  5:55  Nexus  
  67  5:56  Blink  
  67  6:06  Adept x4  
  67  6:10  Adept  
  77  6:19  Pylon  
  77  6:21  Pylon  
  75  6:31  Adept  
  72  6:36  Adept x4  
  72  6:38  Probe x2  
  74  6:42  Assimilator  
  74  6:43  Assimilator  
  70  6:49  Immortal (Chrono Boost)  
  70  6:50  Probe, Pylon  
  71  7:10  Pylon  
  71  7:12  Sentry x2, Stalker x2, Pylon  
  71  7:14  Stalker  
  77  7:16  Assimilator  
  77  7:18  Probe x2  
  77  7:19  Probe  
  77  7:20  Assimilator  
  80  7:27  Pylon  
  80  7:30  Probe x2  
  80  7:33  Immortal (Chrono Boost)  
  86  7:38  Probe  
  86  7:42  Probe  
  86  7:43  Probe  
  89  7:48  Probe  
  90  7:54  Probe  
  90  7:55  Probe  
  90  7:56  Robotics Bay  
  92  7:59  Probe  
  93  8:07  Adept x4  
  93  8:08  Adept  
  103  8:17  Immortal (Chrono Boost)  
  107  8:29  Adept x5  
  107  8:34  Probe x2  
  115  8:52  Stalker x5  
  117  8:59  Gateway  
  117  9:01  Gateway  
  117  9:02  Gateway  
  107  9:15  Adept x4  
  115  9:17  Stalker  
  115  9:21  Pylon  
  115  9:22  Pylon  
  113  9:36  Stalker x4  
  121  9:40  Stalker  
  123  9:57  Pylon  
  123  9:59  Stalker x3  
  129  10:00  Stalker x4  
  137  10:21  Stalker x4  
  145  10:22  Stalker  
  145  10:23  Stalker x3  
  130  10:43  Stalker x3  
  130  10:47  Stalker x5  
  131  11:05  Stalker x3  
  122  11:19  Stalker x5  
  129  11:27  Stalker x3  
  131  11:42  Stalker x3  
Tags
 
Add a new tag
Caveats
  • Supply blocks, unpowered buildings, or Contaminate may cause inaccurate times.
  • Supply counts are checked every 10 seconds.